 Dungeon Crawl Stone Soup version 0.24.1-14-gf8d2b509d9 (console) character file.

Game seed: 4726497296923678697, levelgen mode: deterministic

4342 Kagalorn the Protected (level 10, -8/77 HPs)
             Began as a Gnoll Wanderer on Mar 4, 2021.
             Was a Follower of Ashenzari.
             Mangled by a centaur
             ... wielding a +0 broad axe
              (11 damage)
             ... on level 8 of the Dungeon.
             The game lasted 00:16:05 (10758 turns).

Kagalorn the Protected (Gnoll Wanderer)            Turns: 10758, Time: 00:16:06

Health: -8/77      AC:  9    Str: 12    XL:     10   Next: 33%
Magic:  17/17      EV: 12    Int: 19    God:    Ashenzari [*.....]
Gold:   128        SH:  0    Dex: 16    Spells: 19/19 levels left

rFire    . . .     SeeInvis .   a - +2 hand axe (elec)
rCold    . . .     Gourm    .   (no shield)
rNeg     . . .     Faith    .   s - +1 scale mail
rPois    .         Spirit   .   (no helmet)
rElec    .         Reflect  .   (no cloak)
rCorr    .         Harm     .   (no gloves)
MR       .....                  (no boots)
Stlth    +.........             (no amulet)
HPRegen  0.22/turn              d - ring of attention (curse)
MPRegen  0.15/turn              (no ring)

@: about to teleport
A: distributed training, fangs 1, strong nose
a: Curse Item, Scrying, Renounce Religion


You were on level 8 of the Dungeon.
You worshipped Ashenzari.
Ashenzari was aware of your devotion.
You were not hungry.

You visited 2 branches of the dungeon, and saw 9 of its levels.

You collected 302 gold pieces.
You spent 174 gold pieces at shops.

Inventory:

Hand Weapons
 a - a +2 hand axe of electrocution (weapon)
 b - a +0 longbow
 t - a +0 halberd
 v - a +1 mace of protection
Missiles
 j - 98 stones (quivered)
 k - 162 arrows
 p - 46 poisoned darts
 x - 46 bolts
 y - 14 boomerangs
 A - a throwing net
 D - 21 sling bullets
Armour
 s - a +1 scale mail (worn)
Jewellery
 d - a cursed ring of attention (left hand)
Wands
 u - a wand of flame (11)
Scrolls
 g - 3 scrolls of fog
 h - 4 scrolls of remove curse
 i - a scroll of vulnerability {unknown}
 n - 2 scrolls of fear
 r - 4 scrolls of identify
 z - a scroll of amnesia
 B - a scroll of blinking
 C - a scroll of teleportation
Potions
 c - 6 potions of curing
 e - a potion of agility
 l - 2 potions of lignification
 m - a potion of might
 o - a potion of magic
 q - a potion of heal wounds {unknown}
 w - a potion of haste
Comestibles
 f - 10 rations
 E - 2 chunks of flesh


   Skills:
 + Level 6.9 Fighting
 + Level 5.1 Short Blades
 + Level 5.1 Long Blades
 + Level 5.1 Axes
 + Level 5.1 Maces & Flails
 + Level 5.1 Polearms
 + Level 5.1 Staves
 + Level 5.1 Slings
 + Level 8.4 Bows
 + Level 5.1 Crossbows
 + Level 5.8 Throwing
 + Level 8.4 Armour
 + Level 5.1 Dodging
 + Level 5.1 Stealth
 + Level 5.8 Shields
 + Level 5.1 Unarmed Combat
 + Level 5.1 Spellcasting
 + Level 4.2 Conjurations
 + Level 4.2 Hexes
 + Level 4.2 Charms
 + Level 4.2 Summonings
 + Level 4.2 Necromancy
 + Level 4.2 Translocations
 + Level 4.2 Transmutations
 + Level 4.2 Fire Magic
 + Level 4.2 Ice Magic
 + Level 4.2 Air Magic
 + Level 4.2 Earth Magic
 + Level 4.2 Poison Magic
 + Level 5.6 Invocations
 + Level 5.1 Evocations


You had 19 spell levels left.
You didn't know any spells.
Your spell library contained the following spells:

 Spells                   Type           Power        Failure   Level  Hunger
 Animate Skeleton         Necr           N/A          9%          1    None
 Inner Flame              Hex/Fire       ###.....     26%         3    ##.....
 Death Channel            Necr           ###.......   100%        6    #######


Dungeon Overview and Level Annotations

Branches:
Dungeon (8/15)             Temple (1/1) D:4            Lair (0/6) D:8

Altars:
Ashenzari
Cheibriados
Dithmenos
Elyvilon
Fedhas
Gozag
Hepliaklqana
Kikubaaqudgha
Nemelex Xobeh
Okawaru
Qazlal
Ru
Trog
Uskayaw
Vehumet
Wu Jian
Xom
Yredelemnul
Zin
The Shining One

Shops:
D:7 ?


Innate Abilities, Weirdness & Mutations

Your experience applies equally to all skills.
You have very sharp teeth.
Your uncanny sense of smell can sniff out nearby items.


Message History

Your scale mail prevents you from hitting the centaur.
You bite the centaur.
The centaur is lightly wounded.
The centaur hits you with a +0 broad axe.
* * * LOW HITPOINT WARNING * * *
The wyvern closely misses you.
You hit the centaur.
The centaur is lightly wounded.
You hit the wyvern.
The centaur hits you with a +0 broad axe.
* * * LOW HITPOINT WARNING * * *
The wyvern bites you but does no damage.
The wyvern barely misses you.
As you read the scroll of teleportation, it crumbles to dust.
You feel strangely unstable.
The centaur hits you but does no damage.
The wyvern bites you!
* * * LOW HITPOINT WARNING * * *
The centaur hits you with a +0 broad axe!
You die...

#####.####.........
#.>................
##..##.####.....###)
#...................
.###...##.#.(......##..
.'.............#.. #..
..###...##(#....#.. #..
..'...l.(.......... ...
.###.c@...#....... ####
#......##.##... ####
#......# ..# .. ....
........# ..# . ....
####...### ..# ##..
#..## #.. ..## #. #. .
..


You could see a wyvern and a centaur.

Vanquished Creatures
  6 yaks
  A wyvern (D:8)
  Eustachio (D:5)
  3 wargs (D:7)
  An orc warrior (D:7)
  2 ice beasts
  3 sky beasts
  2 black bears
  2 centaurs
  3 ogres
  3 bullfrogs
  A gnoll sergeant (D:8)
  A scorpion (D:8)
  6 killer bees (D:7)
  A crimson imp (D:6)
  2 quasits
  A centaur zombie (D:5)
  2 jellies (D:6)
  5 hounds
  A bullfrog skeleton (D:5)
  4 orc priests
  4 iguanas
  2 worker ants
  7 orc wizards
  2 hound skeletons
  15 gnolls
  7 adders
  A shadow imp (D:7)
  2 adder skeletons (D:6)
  A worm (D:3)
  A dart slug (D:4)
  5 leopard geckos
  18 orcs
  3 ball pythons
  4 giant cockroaches
  5 goblins
  2 hobgoblins
  6 jackals
  3 kobolds
  3 quokkas
  5 bats
  3 frilled lizards
  A jackal zombie (D:6)
  A leopard gecko zombie (D:5)
  7 rats
  A plant (D:1)
160 creatures vanquished.

Vanquished Creatures (others)
  A plant (D:1)
1 creature vanquished.

Grand Total: 161 creatures vanquished

Notes
Turn   | Place    | Note
-------+----------+-------------------------------------------
     0 | D:1      | Kagalorn the Gnoll Wanderer began the quest for the Orb.
     0 | D:1      | Kagalorn set off with the following items: a +2 shortbow,
                  | 31 arrows, 2 potions of curing, a +0 robe, a ration
     0 | D:1      | Reached XP level 1. HP: 20/20 MP: 1/1
   780 | D:1      | Reached XP level 2. HP: 23/26 MP: 2/2
  1197 | D:2      | Found a white marble altar of Elyvilon.
  1639 | D:2      | Reached XP level 3. HP: 13/31 MP: 3/3
  2353 | D:2      | Reached skill level 1 in Short Blades
  2353 | D:2      | Reached skill level 1 in Long Blades
  2353 | D:2      | Reached skill level 1 in Axes
  2353 | D:2      | Reached skill level 1 in Maces & Flails
  2353 | D:2      | Reached skill level 1 in Polearms
  2353 | D:2      | Reached skill level 1 in Staves
  2353 | D:2      | Reached skill level 1 in Slings
  2353 | D:2      | Reached skill level 1 in Crossbows
  2353 | D:2      | Reached skill level 1 in Dodging
  2353 | D:2      | Reached skill level 1 in Stealth
  2353 | D:2      | Reached skill level 1 in Unarmed Combat
  2353 | D:2      | Reached skill level 1 in Spellcasting
  2353 | D:2      | Reached skill level 1 in Invocations
  2353 | D:2      | Reached skill level 1 in Evocations
  2353 | D:2      | Reached XP level 4. HP: 8/38 MP: 5/5
  2708 | D:2      | Reached skill level 1 in Conjurations
  2708 | D:2      | Reached skill level 1 in Hexes
  2708 | D:2      | Reached skill level 1 in Charms
  2708 | D:2      | Reached skill level 1 in Summonings
  2708 | D:2      | Reached skill level 1 in Necromancy
  2708 | D:2      | Reached skill level 1 in Translocations
  2708 | D:2      | Reached skill level 1 in Transmutations
  2708 | D:2      | Reached skill level 1 in Fire Magic
  2708 | D:2      | Reached skill level 1 in Ice Magic
  2708 | D:2      | Reached skill level 1 in Air Magic
  2708 | D:2      | Reached skill level 1 in Earth Magic
  2708 | D:2      | Reached skill level 1 in Poison Magic
  2935 | D:3      | Reached XP level 5. HP: 40/43 MP: 6/6
  3914 | D:4      | Found a staircase to the Ecumenical Temple.
  3914 | D:4      | Identified the Grimoire of Black Rituals and Heat
  3924 | Temple   | Entered the Ecumenical Temple
  4094 | Temple   | Became a worshipper of Ashenzari the Shackled
  4353 | D:4      | Reached XP level 6. HP: 50/50 MP: 8/8
  4448 | D:5      | Entered Level 5 of the Dungeon
  4448 | D:5      | Noticed Eustachio
  4448 | D:5      | Noticed an ice beast
  4448 | D:5      | Noticed an ice beast
  4826 | D:4      | Killed an ice beast
  4826 | D:4      | Reached skill level 5 in Fighting
  4953 | D:5      | Reached XP level 7. HP: 11/56 MP: 10/10
  5227 | D:5      | Killed Eustachio
  5554 | D:5      | Found a sacrificial altar of Ru.
  5556 | D:5      | Found a snail-covered altar of Cheibriados.
  5755 | D:5      | Reached XP level 8. HP: 43/63 MP: 10/12
  6000 | D:5      | Found a stormy altar of Qazlal.
  6001 | D:5      | Found a shadowy altar of Dithmenos.
  7089 | D:6      | Found an iron altar of Okawaru.
  7389 | D:7      | Noticed a yak
  7394 | D:7      | Noticed a yak
  7394 | D:7      | Noticed a yak
  7395 | D:7      | Noticed a yak
  7395 | D:7      | Noticed a yak
  7396 | D:7      | Noticed a yak
  7411 | D:6      | Killed a yak
  7604 | D:7      | Reached XP level 9. HP: 69/69 MP: 14/14
  7869 | D:7      | Reached * piety under Ashenzari
  8284 | D:7      | Reached skill level 5 in Throwing
  8284 | D:7      | Reached skill level 5 in Shields
  8898 | D:7      | Reached skill level 5 in Invocations
  8960 | D:7      | Found Tefot's Magic Scroll Shop.
  8987 | D:7      | Bought a scroll of remove curse for 36 gold pieces
  8987 | D:7      | Bought a scroll of blinking for 90 gold pieces
  8987 | D:7      | Bought a scroll of teleportation for 36 gold pieces
  8987 | D:7      | Bought a scroll of random uselessness for 12 gold pieces
  9259 | D:7      | Reached XP level 10. HP: 52/77 MP: 15/17
 10043 | D:7      | HP: 3/77 [warg (12)]
 10369 | D:8      | Found a staircase to the Lair.
 10544 | D:8      | Found a shadowy altar of Dithmenos.
 10567 | D:8      | Reached skill level 5 in Short Blades
 10567 | D:8      | Reached skill level 5 in Long Blades
 10567 | D:8      | Reached skill level 5 in Axes
 10567 | D:8      | Reached skill level 5 in Maces & Flails
 10567 | D:8      | Reached skill level 5 in Polearms
 10567 | D:8      | Reached skill level 5 in Staves
 10567 | D:8      | Reached skill level 5 in Slings
 10567 | D:8      | Reached skill level 5 in Crossbows
 10567 | D:8      | Reached skill level 5 in Dodging
 10567 | D:8      | Reached skill level 5 in Stealth
 10567 | D:8      | Reached skill level 5 in Unarmed Combat
 10567 | D:8      | Reached skill level 5 in Spellcasting
 10567 | D:8      | Reached skill level 5 in Evocations
 10758 | D:8      | HP: 3/77 [wyvern (14)]
 10758 | D:8      | Mangled by a centaur

Levels and vault maps discovered:
D:1:      dpeg_arrival_round_b, layout_basic, serial_forest,
          infiniplex_forest_clump_double, infiniplex_forest_clump_small,
          infiniplex_forest_lined_corner, infiniplex_forest_lined_room_3,
          infiniplex_forest_clump_cross, infiniplex_forest_clump_medium,
          infiniplex_forest_side_room
D:2:      layout_basic, elyvilon_altar_1
D:3:      kennysheep_big_flooded_room, layout_basic
D:4:      layout_cave_pools, minmay_temple_entry_tees, first_ration
D:5:      layout_layer_cave, nicolae_overflow_hidden_temple, uniq_eustachio
D:6:      layout_cave_pods, okawaru_metal_pillars_3
D:7:      layout_layer_cave, serial_shops, shop, grunt_ogre_cave,
          serial_park_tiny_1, due_unseen_surprise
D:8:      layout_basic, tgw_sif, erik_lair_orcish_takeover,
          nicolae_dithmenos_through_a_glass_darkly, uniq_joseph, uniq_grum
Temple:   eino_temple_rhombus

Skill      XL: |  1  2  3  4  5  6  7  8  9 10 |
---------------+-------------------------------+-----
Short Blades   | 1 2 3 4 5 |  5.1
Long Blades    | 1 2 3 4 5 |  5.1
Axes           | 1 2 3 4 5 |  5.1
Maces & Flails | 1 2 3 4 5 |  5.1
Polearms       | 1 2 3 4 5 |  5.1
Staves         | 1 2 3 4 5 |  5.1
Slings         | 1 2 3 4 5 |  5.1
Crossbows      | 1 2 3 4 5 |  5.1
Dodging        | 1 2 3 4 5 |  5.1
Stealth        | 1 2 3 4 5 |  5.1
Unarmed Combat | 1 2 3 4 5 |  5.1
Spellcasting   | 1 2 3 4 5 |  5.1
Invocations    | 1 2 3 4 5 |  5.6
Evocations     | 1 2 3 4 5 |  5.1
Conjurations   | 1 2 3 4 |  4.2
Hexes          | 1 2 3 4 |  4.2
Charms         | 1 2 3 4 |  4.2
Summonings     | 1 2 3 4 |  4.2
Necromancy     | 1 2 3 4 |  4.2
Translocations | 1 2 3 4 |  4.2
Transmutations | 1 2 3 4 |  4.2
Fire Magic     | 1 2 3 4 |  4.2
Ice Magic      | 1 2 3 4 |  4.2
Air Magic      | 1 2 3 4 |  4.2
Earth Magic    | 1 2 3 4 |  4.2
Poison Magic   | 1 2 3 4 |  4.2
Throwing       | 3 4 5 |  5.8
Shields        | 3 4 5 |  5.8
Fighting       | 5 6 |  6.9
Bows           | 7 8 |  8.4
Armour         | 7 8 |  8.4

Action                   |  1- 3 |  4- 6 |  7- 9 | 10-12 || total
-------------------------+-------+-------+-------+-------++-------
Melee: Unarmed           |   380 |       |       |       ||   380
       Bite              |    84 |    14 |    36 |    18 ||   152
       Dagger            |   122 |     6 |       |       ||   128
       Hand axe          |       |   102 |   353 |   116 ||   571
       Punch             |       |     1 |     6 |     3 ||    10
 Fire: Shortbow          |     2 |       |       |       ||     2
       Longbow           |       |       |     3 |       ||     3
  Use: Scroll            |       |     6 |     6 |     1 ||    13
       Potion            |       |       |     1 |     1 ||     2
 Stab: Sleeping          |     2 |       |       |       ||     2
  Eat: Chunk             |     4 |     1 |     9 |     2 ||    16
       Ration            |       |     3 |     1 |     1 ||     5
Armor: Robe              |    23 |       |       |       ||    23
       Scale mail        |    39 |    65 |   165 |    44 ||   313
       Skin              |       |       |    66 |       ||    66
Dodge: Dodged            |   108 |    66 |   191 |    84 ||   449
